% Time on Ice - PHOENIX MUSTANGS
Lines # - Real PCT - Wanted PCT - Time Play
Normal Forward
1 - 25% - 36% - 12:31
2 - 35% - 31% - 17:48
3 - 16% - 25% - 8:06
4 - 24% - 8% - 12:10
Normal Defense
1 - 30% - 36% - 15:05
2 - 37% - 31% - 18:48
3 - 30% - 23% - 15:03
4 - 3% - 10% - 1:39
PP Forward
1 - 51% - 60% - 1:47
2 - 49% - 40% - 1:41
PP Defense
1 - 55% - 55% - 1:54
2 - 45% - 45% - 1:34
PK Forward
1 - 55% - 55% - 2:10
2 - 45% - 45% - 1:48
PK Defense
1 - 43% - 55% - 1:43
2 - 57% - 45% - 2:15
PK3 Forward
1 - 0% - 55%
2 - 0% - 45%
PK3 Defense
1 - 0% - 55%
2 - 0% - 45%
44 Forward
1 - 58% - 55% - 1:09
2 - 42% - 45% - 0:50
44 Defense
1 - 100% - 55% - 1:59
2 - 0% - 45% - 0:00
Last Minute Offensive  - 0:00
Last Minute Defensive  - 0:00
Total
Forward - 60:00
Defense - 60:00
% Time on Ice - RENO LIONS
Lines # - Real PCT - Wanted PCT - Time Play
Normal Forward
1 - 33% - 40% - 16:54
2 - 30% - 35% - 15:02
3 - 25% - 20% - 12:32
4 - 12% - 5% - 6:07
Normal Defense
1 - 35% - 36% - 17:46
2 - 37% - 36% - 18:33
3 - 27% - 23% - 13:25
4 - 2% - 5% - 0:51
PP Forward
1 - 58% - 55% - 2:17
2 - 42% - 45% - 1:41
PP Defense
1 - 53% - 55% - 2:07
2 - 47% - 45% - 1:51
PK Forward
1 - 70% - 55% - 2:26
2 - 30% - 45% - 1:02
PK Defense
1 - 48% - 55% - 1:39
2 - 52% - 45% - 1:49
PK3 Forward
1 - 0% - 55%
2 - 0% - 45%
PK3 Defense
1 - 0% - 55%
2 - 0% - 45%
44 Forward
1 - 100% - 60% - 1:59
2 - 0% - 40% - 0:00
44 Defense
1 - 55% - 60% - 1:05
2 - 45% - 40% - 0:54
Last Minute Offensive  - 0:00
Last Minute Defensive  - 0:00
Total
Forward - 60:00
Defense - 60:00
Play-by-Play 1st period 0:01 of 1st period - Elias Pettersson wins face-off versus Andrew Copp in neutral zone. 0:03 of 1st period - Minor Penalty to Teuvo Teravainen for Holding Stick. 0:04 of 1st period - Andrew Copp wins face-off versus Elias Pettersson in PHOENIX MUSTANGS zone. 1:18 of 1st period - Shot by Kevin Hayes. 1:18 of 1st period - Stopped by Elvis Merzlikins without a rebound. 1:19 of 1st period - Christian Dvorak wins face-off versus Tomas Nosek in RENO LIONS zone. 1:32 of 1st period - Shot by Pierre-Luc Dubois. 1:32 of 1st period - Shot Misses the Net. 1:34 of 1st period - Shot by Juuso Valimaki. 1:34 of 1st period - Shot Blocked by Kevin Hayes. 1:36 of 1st period - Shot by Juuso Valimaki. 1:36 of 1st period - Shot Blocked by Scott Harrington. 1:38 of 1st period - Shot by Blake Coleman. 1:38 of 1st period - Shot Misses the Net. 2:03 of 1st period - Icing by Elias Pettersson. 2:04 of 1st period - Frederick Gaudreau wins face-off versus Jayce Hawryluk in RENO LIONS zone. 2:26 of 1st period - Icing by Jeremy Lauzon. 2:27 of 1st period - Frederick Gaudreau wins face-off versus Anders Lee in PHOENIX MUSTANGS zone. 2:27 of 1st period - Frederick Gaudreau is hit by Anders Lee. 3:22 of 1st period - Icing by Ethan Bear. 3:23 of 1st period - Elias Pettersson wins face-off versus Kevin Hayes in RENO LIONS zone. 3:25 of 1st period - Icing by Kirill Kaprizov. 3:26 of 1st period - Kevin Hayes wins face-off versus Elias Pettersson in RENO LIONS zone. 4:09 of 1st period - Shot by Pierre-Luc Dubois. 4:09 of 1st period - Shot Misses the Net. 4:11 of 1st period - Shot by Jacob Trouba. 4:11 of 1st period - Stopped by Joonas Korpisalo without a rebound. 4:12 of 1st period - Tomas Nosek wins face-off versus Andrew Copp in PHOENIX MUSTANGS zone. 5:01 of 1st period - Shot by Kirill Kaprizov. 5:01 of 1st period - Deflect By Anders Lee. 5:01 of 1st period - Stopped by Joonas Korpisalo without a rebound. 5:02 of 1st period - Pierre-Luc Dubois wins face-off versus Kevin Hayes in PHOENIX MUSTANGS zone. 5:16 of 1st period - Shot by Jordan Greenway. 5:16 of 1st period - Deflect By Clayton Keller. 5:16 of 1st period - Shot Misses the Net. 5:18 of 1st period - Shot by Jeremy Lauzon. 5:18 of 1st period - Shot Misses the Net. 5:20 of 1st period - Shot by Kevin Hayes. 5:20 of 1st period - Stopped by Elvis Merzlikins without a rebound. 5:21 of 1st period - Frederick Gaudreau wins face-off versus Elias Pettersson in RENO LIONS zone. 5:32 of 1st period - Minor Penalty to Ethan Bear for Tripping. 5:33 of 1st period - Christian Dvorak wins face-off versus Tomas Nosek in RENO LIONS zone. 5:36 of 1st period - Shot by Teuvo Teravainen. 5:36 of 1st period - Shot Misses the Net. 5:38 of 1st period - Shot by Ty Smith. 5:38 of 1st period - Stopped by Elvis Merzlikins without a rebound. 5:39 of 1st period - Tomas Nosek wins face-off versus Christian Dvorak in RENO LIONS zone. 5:49 of 1st period - Off-side. 5:50 of 1st period - Christian Dvorak wins face-off versus Blake Coleman in neutral zone. 6:01 of 1st period - Shot by Jordan Greenway. 6:01 of 1st period - Stopped by Elvis Merzlikins without a rebound. 6:02 of 1st period - Kevin Hayes wins face-off versus Pierre-Luc Dubois in RENO LIONS zone. 6:39 of 1st period - Shot by Clayton Keller. 6:39 of 1st period - Goal by Clayton Keller - PHOENIX MUSTANGS : 1 - RENO LIONS : 0. 6:40 of 1st period - Christian Dvorak wins face-off versus Elias Pettersson in neutral zone. 6:55 of 1st period - Shot by Christian Dvorak. 6:55 of 1st period - Deflect By Jesper Fast. 6:55 of 1st period - Stopped by Elvis Merzlikins without a rebound. 6:56 of 1st period - Frederick Gaudreau wins face-off versus Jayce Hawryluk in RENO LIONS zone. 7:50 of 1st period - Shot by Christian Dvorak. 7:50 of 1st period - Stopped by Elvis Merzlikins without a rebound. 7:51 of 1st period - Pierre-Luc Dubois wins face-off versus Jordan Greenway in RENO LIONS zone. 8:35 of 1st period - Shot by Clayton Keller. 8:35 of 1st period - Stopped by Elvis Merzlikins without a rebound. 8:36 of 1st period - Elias Pettersson wins face-off versus Andrew Copp in RENO LIONS zone. 9:01 of 1st period - Shot by Kirill Kaprizov. 9:01 of 1st period - Deflect By Elias Pettersson. 9:01 of 1st period - Goal by Elias Pettersson - PHOENIX MUSTANGS : 1 - RENO LIONS : 1. 9:02 of 1st period - Tomas Nosek wins face-off versus Frederick Gaudreau in neutral zone. 9:08 of 1st period - Minor Penalty to Daniel Carr for Tripping. 9:09 of 1st period - Elias Pettersson wins face-off versus Andrew Copp in PHOENIX MUSTANGS zone. 9:22 of 1st period - Clayton Keller is hit by Kirill Kaprizov and loses puck. 10:55 of 1st period - Shot by Kirill Kaprizov. 10:55 of 1st period - Deflect By Elias Pettersson. 10:55 of 1st period - Shot Misses the Net. 10:57 of 1st period - Shot by Ethan Bear. 10:57 of 1st period - Stopped by Joonas Korpisalo without a rebound. 10:58 of 1st period - Christian Dvorak wins face-off versus Elias Pettersson in PHOENIX MUSTANGS zone. 10:58 of 1st period - Christian Dvorak is hit by Kirill Kaprizov. 11:19 of 1st period - Teuvo Teravainen is hit by Jacob Trouba and loses puck. 11:25 of 1st period - Christian Dvorak is hit by Oliver Ekman-Larsson and loses puck. 13:00 of 1st period - Shot by Jordan Greenway. 13:00 of 1st period - Shot Misses the Net. 13:11 of 1st period - Evgeny Dadonov is hit by Michael Matheson. 14:23 of 1st period - Icing by Scott Harrington. 14:24 of 1st period - Frederick Gaudreau wins face-off versus Pierre-Luc Dubois in PHOENIX MUSTANGS zone. 14:53 of 1st period - Shot by Clayton Keller. 14:53 of 1st period - Stopped by Elvis Merzlikins without a rebound. 14:54 of 1st period - Andrew Copp wins face-off versus Tyler Benson in RENO LIONS zone. 14:54 of 1st period - Christian Dvorak is hit by Robert Hagg and loses puck. 15:14 of 1st period - Juuso Valimaki is hit by Christian Dvorak and loses puck. 15:18 of 1st period - Icing by Juuso Valimaki. 15:19 of 1st period - Kevin Hayes wins face-off versus Tyler Benson in RENO LIONS zone. 15:22 of 1st period - Shot by Jordan Greenway. 15:22 of 1st period - Shot Misses the Net. 15:24 of 1st period - Shot by Michael Matheson. 15:24 of 1st period - Stopped by Elvis Merzlikins without a rebound. 15:25 of 1st period - Pierre-Luc Dubois wins face-off versus Kevin Hayes in RENO LIONS zone. 15:47 of 1st period - Shot by Blake Coleman. 15:47 of 1st period - Stopped by Joonas Korpisalo without a rebound. 15:48 of 1st period - Christian Dvorak wins face-off versus Elias Pettersson in PHOENIX MUSTANGS zone. 15:50 of 1st period - Icing by Teuvo Teravainen. 15:51 of 1st period - Andrew Copp wins face-off versus Elias Pettersson in PHOENIX MUSTANGS zone. 16:31 of 1st period - Shot by Christian Dvorak. 16:31 of 1st period - Shot Misses the Net. 17:22 of 1st period - Shot by Blake Coleman. 17:22 of 1st period - Deflect By Pierre-Luc Dubois. 17:22 of 1st period - Stopped by Joonas Korpisalo without a rebound. 17:23 of 1st period - Tomas Nosek wins face-off versus Kevin Hayes in PHOENIX MUSTANGS zone. 17:26 of 1st period - Shot by Evgeny Dadonov. 17:26 of 1st period - Stopped by Joonas Korpisalo without a rebound. 17:27 of 1st period - Tomas Nosek wins face-off versus Kevin Hayes in PHOENIX MUSTANGS zone. 17:28 of 1st period - Shot by Evgeny Dadonov. 17:28 of 1st period - Goal by Evgeny Dadonov - PHOENIX MUSTANGS : 1 - RENO LIONS : 2. 17:29 of 1st period - Elias Pettersson wins face-off versus Kevin Hayes in neutral zone. 17:29 of 1st period - Kirill Kaprizov is hit by Kevin Hayes and loses puck. 18:01 of 1st period - Clayton Keller is hit by Robert Hagg and loses puck. 18:37 of 1st period - Shot by Cam Atkinson. 18:37 of 1st period - Goal by Cam Atkinson - PHOENIX MUSTANGS : 1 - RENO LIONS : 3. 18:38 of 1st period - Tomas Nosek wins face-off versus Christian Dvorak in neutral zone. 18:59 of 1st period - Shot by Christian Dvorak. 18:59 of 1st period - Shot Misses the Net. 19:44 of 1st period - Shot by Blake Coleman. 19:44 of 1st period - Shot Misses the Net. Goals for this period are 1 for PHOENIX MUSTANGS vs 3 for RENO LIONS. Shots for this period are 10 for PHOENIX MUSTANGS vs 9 for RENO LIONS. 2nd period 0:01 of 2nd period - Elias Pettersson wins face-off versus Andrew Copp in neutral zone. 0:01 of 2nd period - Elias Pettersson is hit by Christian Dvorak. 0:06 of 2nd period - Icing by Andrew Copp. 0:07 of 2nd period - Pierre-Luc Dubois wins face-off versus Andrew Copp in PHOENIX MUSTANGS zone. 0:15 of 2nd period - Icing by Teuvo Teravainen. 0:16 of 2nd period - Andrew Copp wins face-off versus Elias Pettersson in PHOENIX MUSTANGS zone. 0:25 of 2nd period - Shot by Erik Karlsson. 0:25 of 2nd period